 Dungeon Crawl Stone Soup version 0.21-a0-225-g207ae17 (console) character file.

37 Akra the Sneak (level 3, -1/24 HPs)
             Began as a Vampire Wizard on Aug 28, 2017.
             Slain by a hobgoblin
             ... wielding a +0 short sword
              (5 damage)
             ... on level 1 of the Dungeon.
             The game lasted 00:07:32 (1761 turns).

Akra the Sneak (Vampire Wizard)                     Turns: 1761, Time: 00:07:33

Health: -1/24      AC:  2    Str:  7    XL:     3   Next: 21%
Magic:  1/7        EV: 12    Int: 20    God:
Gold:   14         SH:  0    Dex: 12    Spells: 5/8 levels left

rFire    . . .     SeeInvis +   (no weapon)
rCold    . . .     Gourm    .   (no shield)
rNeg     + . .     Faith    .   a - +0 robe
rPois    .         Spirit   .   b - +0 hat
rElec    .         Reflect  .   (no cloak)
rCorr    .         Harm     .   (no gloves)
MR       .....                  (no boots)
Stlth    ++........             (no amulet)
HPRegen  0.08/turn              (no ring)
MPRegen  0.10/turn              (no ring)

@: no status effects
A: fangs 3, see invisible, unbreathing
a: Bat Form


You were on level 1 of the Dungeon.
You were not thirsty.

You visited 1 branch of the dungeon, and saw 1 of its levels.

You collected 14 gold pieces.

Inventory:

Hand Weapons
 e - a +0 dagger of venom
Armour
 a - a +0 robe (worn)
 b - a +0 hat (worn)
Potions
 d - 5 potions of blood
 f - a potion of invisibility
 g - a potion of curing
Books
 c - a book of Minor Magic

   Spells                             Type                      Level
   a - Magic Dart                     Conjuration                  1
   b - Blink                          Translocation                2
   c - Call Imp                       Summoning                    2
   d - Slow                           Hexes                        2
   e - Conjure Flame                  Conjuration/Fire             3
   f - Mephitic Cloud                 Conjuration/Poison/Air       3


   Skills:
 + Level 2.3 Dodging
 + Level 3.9 Stealth
 * Level 3.4 Spellcasting
 * Level 1.3 Conjurations
   Level 1.0 Summonings
 - Level 0.7 Translocations


You had 5 spell levels left.
You knew the following spells:

 Your Spells              Type           Power        Failure   Level  Hunger
a - Magic Dart            Conj           #...         8%          1    None
b - Blink                 Tloc           N/A          16%         2    ##.....


Dungeon Overview and Level Annotations

Branches:
Dungeon (1/15)

Altars:


Innate Abilities, Weirdness & Mutations

You have razor-sharp teeth.
You have supernaturally acute eyesight. (SInv)
You can survive without breathing.


Message History

[Y]es or [N]o only, please.
Really attack barehanded? [Y]es or [N]o only, please.
Really attack barehanded?
You hit the hobgoblin.
The hobgoblin is severely wounded.
The hobgoblin misses you.
You closely miss the hobgoblin.
The hobgoblin is severely wounded.
The hobgoblin barely misses you.
You hit the hobgoblin but do no damage.
The hobgoblin is severely wounded.
The hobgoblin barely misses you.
You hit the hobgoblin but do no damage.
The hobgoblin is severely wounded.
The hobgoblin hits you but does no damage.
You hit the hobgoblin but do no damage.
The hobgoblin is severely wounded.
The hobgoblin hits you with a short sword.
You die...

##.......# N#.......#
....# ##)########## ....
n#........... ...
##..#.###### ...
p#..#..# #.# ##..##'##
#.# g#..#...########.#
##..'....g..(([..#
i#..#....#######g#
##..#....# #@#
...##....## #(#
.####.....### #.#
#.........(.# #.#
#.#####...#)# #(#
#.)...#...#.####(######
#####.#.........(.......
#.#..(#.####.######.
#.#.#........#
#.#.##..##.#...
#.#......# #...


You could see a hobgoblin.

Vanquished Creatures
  2 dart slugs (D:1)
  3 leopard geckos (D:1)
  3 giant cockroaches (D:1)
  4 goblins (D:1)
  7 hobgoblins (D:1)
  3 bats (D:1)
  2 frilled lizards (D:1)
  2 kobolds (D:1)
  A rat (D:1)
27 creatures vanquished.

Notes
Turn   | Place    | Note
-------+----------+-------------------------------------------
     0 | D:1      | Akra the Vampire Wizard began the quest for the Orb.
     0 | D:1      | Reached XP level 1. HP: 13/13 MP: 4/4
     2 | D:1      | Noticed a vine stalker
     2 | D:1      | Noticed a tengu
     4 | D:1      | Noticed a centaur
     4 | D:1      | Noticed a merfolk
     7 | D:1      | Noticed a halfling
     9 | D:1      | Noticed an octopode
    11 | D:1      | Noticed a troll
    11 | D:1      | Noticed a vampire
    13 | D:1      | Noticed a felid
    13 | D:1      | Noticed a formicid
    15 | D:1      | Noticed a demonspawn
    15 | D:1      | Noticed a minotaur
    17 | D:1      | Noticed a draconian
    17 | D:1      | Noticed an elf
    19 | D:1      | Noticed an ogre
    19 | D:1      | Noticed a naga
    21 | D:1      | Noticed a gargoyle
    21 | D:1      | Noticed a ghoul
    23 | D:1      | Noticed a demigod
    25 | D:1      | Noticed a human
    25 | D:1      | Noticed a dwarf
    27 | D:1      | Noticed a spriggan
   289 | D:1      | Reached skill level 1 in Conjurations
   289 | D:1      | Reached XP level 2. HP: 5/19 MP: 3/6
   872 | D:1      | Learned a level 2 spell: Blink
  1385 | D:1      | Reached XP level 3. HP: 17/24 MP: 0/7
  1761 | D:1      | Slain by a hobgoblin

Vault maps used:
D:1:      kb_arrival_jail, roderic_roman_lattice

Skill      XL: |  1 |
---------------+----+-----
Conjurations   | 1 |  1.3
Dodging        | |  2.3
Stealth        | |  3.9
Spellcasting   | |  3.4
Summonings     | |  1.0
Translocations | |  0.7

Action                   || total
-------------------------++-------
Melee: Unarmed           ||    50
       Bite              ||     4
 Cast: Magic Dart        ||    78
  Use: Scroll            ||     4
       Potion            ||     1
  Eat: Corpse            ||     3
Armor: Robe              ||     7
Dodge: Dodged            ||    46

Table legend:
 A = Spawn XP
 B = Non-spawn XP
 C = Spawn XP percentage of total XP
 D = Spawn monster count
 E = Non-spawn monster count
 F = Spawn count percentage of total count
 G = Total turns spent on level
                    A         B        C        D         E        F      G
               +---------+---------+-------+---------+---------+-------+---------
         Total |      12 |      41 |  22.6 |       7 |      20 |  25.9 |  1761
               +---------+---------+-------+---------+---------+-------+---------
           D:1 |      12 |      41 |  22.6 |       7 |      20 |  25.9 |  1761
               +---------+---------+-------+---------+---------+-------+---------
